 Dungeon Crawl Stone Soup version 0.28-a0-730-g892d06dc2c (webtiles) character file.

Game seed: 976781894836180872

82066 frimble the Grappler (level 15, -2/154 HPs)
             Began as a Troll Warper on Oct 28, 2021.
             Was a High Priest of Cheibriados.
             Shot with a bolt by an orc knight (33 damage)
             ... on level 2 of the Orcish Mines.
             The game lasted 00:51:55 (23648 turns).

frimble the Grappler (Troll Warper)                Turns: 23648, Time: 00:51:56

Health: -2/154     AC: 11    Str: 37    XL:     15   Next: 28%
Magic:  16/20      EV: 17    Int: 28    God:    Cheibriados [*****.]
Gold:   5212       SH:  0    Dex: 23    Spells: 14/16 levels left

rFire   . . .      SeeInvis .     - Unarmed
rCold   + . .      Faith    .   (no shield)
rNeg    . . .      Spirit   .   N - +3 troll leather armour
rPois   .          Reflect  .   (helmet restricted)
rElec   .          Harm     .   f - +1 cloak
rCorr   .          Rampage  .   (gloves unavailable)
Will    +....                   (boots unavailable)
Stlth   ++........              c - amulet of regeneration
HPRegen 3.35/turn               L - ring "Intoram" {Fly rC+}
MPRegen 0.17/turn               t - +4 ring of evasion

@: flying, very slow
A: large, unfitting armour, claws 3, regeneration 1, shaggy fur 1, tough skin 1
a: Renounce Religion, Bend Time, Temporal Distortion, Slouch, Step From Time


You were on level 2 of the Orcish Mines.
You worshipped Cheibriados.
Cheibriados was extremely pleased with you.
You visited 4 branches of the dungeon, and saw 24 of its levels.
You also visited: Ossuary, Gauntlet and Ice Cave.

You collected 5910 gold pieces.
You spent 698 gold pieces at shops.

Inventory:

Missiles
 w - 8 large rocks
 D - 10 javelins (quivered)
 H - 10 silver javelins
 K - 8 boomerangs
 M - a throwing net
Armour
 f - a +1 cloak (worn)
 N - a +3 troll leather armour (worn)
Jewellery
 c - an amulet of regeneration (around neck)
 t - a +4 ring of evasion (right claw)
 u - a ring of protection from fire
 C - the ring "Neuk" {Fly rPois Int-5 Dex+3}
   (You found it in a Gauntlet)

   [ring of flight]

   Int:       It affects your intelligence (-5).
   Dex:       It affects your dexterity (+3).
   rPois:     It protects you from poison.
   Fly:       It grants you flight.
 G - a +6 ring of intelligence
 J - a ring of protection from fire
 L - the ring "Intoram" (left claw) {Fly rC+}
   (You found it in an ice cave)

   [ring of flight]

   rC:        It protects you from cold.
   Fly:       It grants you flight.
 O - the ring of Xom's Ringing Laughter {rPois Will+ Int+3}
   (You acquired it on level 9 of the Dungeon)

   [ring of poison resistance]

   Int:       It affects your intelligence (+3).
   rPois:     It protects you from poison.
   Will:      It increases your willpower.
Wands
 i - a wand of polymorph (24)
 k - a wand of iceblast (35)
 A - a wand of flame (73)
 B - a wand of digging (5)
 E - a wand of paralysis (36)
 F - a wand of acid (5)
 P - a wand of mindburst (19)
Scrolls
 a - a scroll of immolation
 b - 6 scrolls of blinking
 d - 11 scrolls of teleportation
 j - 3 scrolls of amnesia
 v - 10 scrolls of identify
 y - 4 scrolls of fog
 z - 6 scrolls of magic mapping
Potions
 e - 6 potions of cancellation
 g - 5 potions of might
 h - 3 potions of mutation
 l - 8 potions of curing
 m - 4 potions of resistance
 n - 7 potions of heal wounds
 o - 3 potions of lignification
 p - 8 potions of attraction
 q - 4 potions of ambrosia
 r - 6 potions of magic
 s - 5 potions of flight
 x - 4 potions of brilliance
Miscellaneous
 I - a tin of tremorstones (1/2)
 R - a phantom mirror (inert)


   Skills:
 + Level 11.5 Fighting
 + Level 12.3 Throwing
 + Level 5.4 Dodging
 + Level 13.4 Unarmed Combat
 - Level 1.2 Spellcasting
 - Level 6.2 Translocations
 + Level 8.9 Invocations
 + Level 6.1 Evocations


You had 14 spell levels left.
You knew the following spells:

 Your Spells              Type           Power      Damage    Failure   Level
a - Blink                 Tloc           72%        N/A       1%          2

Your spell library contained the following spells:

 Spells                   Type           Power      Damage    Failure   Level
 Gell's Gravitas          Tloc           18%        N/A       2%          3
 Lesser Beckoning         Tloc           36%        N/A       2%          3
 Teleport Other           Tloc           36%        N/A       2%          3
 Portal Projectile        Hex/Tloc       38%        N/A       9%          3
 Foxfire                  Conj/Fire      4%         2x1d4     11%         1
 Shock                    Conj/Air       4%         1d3       11%         1
 Summon Small Mammal      Summ           4%         N/A       11%         1
 Ensorcelled Hibernation  Hex/Ice        2%         N/A       17%         2
 Manifold Assault         Tloc           36%        N/A       24%         5
 Iskenderun's Mystic Bla  Conj/Tloc      19%        2d6       30%         4
 Call Canine Familiar     Summ           1%         N/A       32%         3
 Conjure Flame            Conj/Fire      1%         6-21      32%         3
 Dazzling Flash           Conj/Hex       2%         N/A       32%         3
 Ignite Poison            Fire/Tmut/Pois 1%         N/A       32%         3
 Inner Flame              Hex/Fire       1%         N/A       32%         3
 Summon Guardian Golem    Hex/Summ       1%         N/A       32%         3
 Swiftness                Air            1%         N/A       32%         3
 Tukima's Dance           Hex            1%         N/A       32%         3
 Airstrike                Air            0%         N/A       73%         4
 Flame Wave               Conj/Fire      1%         3d3       73%         4
 Hailstorm                Conj/Ice       1%         3d3       73%         4
 Ice Form                 Ice/Tmut       1%         N/A       73%         4
 Sticky Flame             Conj/Fire      1%         2d3       73%         4
 Blade Hands              Tmut           0%         N/A       97%         5
 Excruciating Wounds      Necr           0%         N/A       97%         5
 Irradiate                Conj/Tmut      0%         3d13      97%         5
 Simulacrum               Ice/Necr       0%         N/A       100%        6
 Starburst                Conj/Fire      0%         6d3       100%        6
 Dragon Form              Tmut           0%         N/A       100%        7


Dungeon Overview and Level Annotations

Branches:
Dungeon (15/15)            Temple (1/1) D:7            Lair (6/6) D:10
 Shoals (0/4) Lair:3        Slime (0/5) Lair:5          Orc (2/2) D:9
 Vaults (0/5) D:13        Ossuary (visited)           IceCv (visited)
Gauntlet (visited)
  Snake: Lair:2-4    Spider: Lair:2-4       Elf: Orc:2       Depths: D:15

Altars:
Ashenzari
Cheibriados
Dithmenos
Elyvilon
Fedhas
Gozag
Hepliaklqana
Kikubaaqudgha
Makhleb
Nemelex Xobeh
Okawaru
Qazlal
Ru
Sif Muna
Trog
Uskayaw
Vehumet
Wu Jian
Xom
Yredelemnul
Zin
The Shining One
Jiyva

Shops:
D:4 !!   Orc:1 [

Portals:
Trove: D:12 (give 20 potions of curing)

Annotations:
Lair:6 2 transporters, Zifucw's ghost, journeyman DESu


Innate Abilities, Weirdness & Mutations

You are too large for most types of armour.
You have claws for hands.
Your natural rate of healing is unusually fast.
You are covered in fur. (AC +1)
You have tough skin. (AC +1)


Message History

You are too injured to fight recklessly!
You are too injured to fight recklessly!
The orc knight shoots a bolt.
The bolt hits you. The orc warrior closely misses you. The troll misses you.
The troll barely misses you. The troll closely misses you.
The orc warrior hits you with a +0 hand axe!!
Unknown command.
Really fly into that dispersal trap?
Okay, then.
Unknown command.
Unknown command.
You claw the troll!
The troll is severely wounded.
The troll bites you! The troll claws you but does no damage.
The troll misses you.
You barely miss the troll.
The troll is heavily wounded.
The orc knight shoots a bolt.
The bolt hits you!!
The orc warrior hits you but does no damage.
You mangle the troll!!
You kill the troll!
Cheibriados appreciates the change of pace.
The orc knight shoots a bolt.
The bolt barely misses you. The orc warrior completely misses you.
You scratch the orc warrior but do no damage.
The orc warrior is severely wounded.
The orc knight shoots a bolt.
The bolt completely misses you. The orc warrior closely misses you.
You closely miss the orc warrior.
The orc warrior is severely wounded.
You closely miss the orc warrior.
The orc warrior is severely wounded.
The orc knight shoots a bolt.
The bolt hits you!!!
* * * LOW HITPOINT WARNING * * *
The orc warrior hits you with a +0 hand axe!
* * * LOW HITPOINT WARNING * * *
You scratch the orc warrior but do no damage.
The orc warrior is severely wounded.
The orc knight shoots a bolt.
The bolt hits you!!
You die...

.................
..........$.......
...............#..
..................
................).
..............o...
.......<..........
...........).))...
..........@^......
...........o).....
.............)....
............)..†.#
..................
...............)..
.................
................


You could see an orc knight and an orc warrior (strong).

Vanquished Creatures
  Rupert (D:13)
  Nessos (D:13)
  A minotaur (Gauntlet)
  A blizzard demon (Gauntlet)
  A fire dragon (Lair:6)
  A green death (Gauntlet)
  11 hydras
  4 centaur warriors
  4 two-headed ogres
  5 death yaks (Lair:5)
  Urug (D:11)
  2 deep trolls (D:15)
  A wizard (D:14)
  2 lindwurms
  An orc knight (D:13)
  An oklob plant (Gauntlet)
  4 manticores
  2 deep elf pyromancers
  8 ugly things
  A wolf spider (Lair:6)
  A cyclops (D:13)
  6 elephants (Lair:5)
  3 ice statues (IceCv)
  A guardian serpent (Lair:6)
  An orange demon (Gauntlet)
  8 black mambas
  4 gargoyles
  5 torpor snails (Lair:6)
  A kobold demonologist (D:11)
  14 cane toads
  An unseen horror (D:13)
  Psyche (D:11)
  12 rime drakes
  9 komodo dragons
  An anaconda simulacrum (IceCv)
  4 ice devils
  7 trolls
  An entropy weaver simulacrum (IceCv)
  3 meliai (D:14)
  6 polar bears
  A freezing wraith (IceCv)
  4 tyrant leeches (Lair:6)
  10 hornets
  Grinder (D:3)
  12 blink frogs
  A snapping turtle (Lair:3)
  A centaur simulacrum (D:14)
  3 redbacks (Lair:6)
  4 flying skulls (Gauntlet)
  7 orc warriors
  20 wyverns
  A water elemental (D:14)
  4 wraiths
  32 yaks
  6 basilisks
  16 humans (D:13)
  2 steam dragons
  3 vampire mosquitoes (D:10)
  A death yak simulacrum (IceCv)
  4 wargs
  19 water moccasins
  5 acid dragons
  3 hell hounds (D:14)
  A black bear (Lair:5)
  An ice beast (D:8)
  A sky beast (D:7)
  3 necrophages
  18 wolves
  11 centaurs
  4 kobold brigands
  12 bullfrogs
  2 scorpions
  2 gnoll sergeants
  A wyvern zombie (D:8)
  A cane toad simulacrum (IceCv)
  A water moccasin zombie (D:6)
  A water moccasin skeleton (D:5)
  2 elephant simulacra (IceCv)
  4 wights
  7 electric eels
  2 vampire bats (D:10)
  5 jellies
  4 howler monkeys
  A bullfrog zombie (D:7)
  3 centaur zombies
  A centaur skeleton (D:7)
  3 hounds
  6 orc priests
  Jessica (D:2)
  8 iguanas
  11 orc wizards
  A polar bear simulacrum (IceCv)
  6 hell rats (D:14)
  A killer bee zombie (D:6)
  An ogre zombie (D:5)
  2 hound skeletons
  A howler monkey zombie (D:5)
  8 mummies (Ossuary)
  2 howler monkey skeletons
  5 adders
  7 gnolls
  4 white imps
  An ufetubus (D:5)
  3 dart slugs
  40 orcs
  8 ball pythons
  2 bat skeletons (D:10)
  4 bat zombies (D:10)
  12 endoplasms
  6 giant cockroaches
  6 gnoll zombies
  6 goblins
  A hobgoblin (D:2)
  4 jackals (D:2)
  4 quokkas
  5 bats
  5 frilled lizards
  2 hobgoblin zombies (Ossuary)
  26 kobolds
  2 kobold zombies (Ossuary)
  4 rats
598 creatures vanquished.

Vanquished Creatures (collateral kills)
  A killer bee (D:10)
1 creature vanquished.

Vanquished Creatures (others)
  3 killer bees (D:10)
  18 fungi
  66 plants
  8 toadstools (D:2)
95 creatures vanquished.

Grand Total: 694 creatures vanquished

Notes
Turn   | Place    | Note
-------+----------+-------------------------------------------
     0 | D:1      | frimble the Troll Warper began the quest for the Orb.
     0 | D:1      | Reached XP level 1. HP: 19/19 MP: 1/1
    33 | D:1      | Reached skill level 1 in Throwing
   184 | D:1      | Reached XP level 2. HP: 28/28 MP: 2/2
   188 | D:1      | Learned a level 2 spell: Blink
   300 | D:1      | Found a faded altar of an unknown god.
   664 | D:2      | Reached XP level 3. HP: 34/35 MP: 3/3
   778 | D:2      | Reached XP level 4. HP: 36/42 MP: 4/4
   908 | D:2      | Reached skill level 3 in Unarmed Combat
   908 | D:2      | Reached XP level 5. HP: 31/50 MP: 5/5
  1169 | D:2      | Noticed Jessica
  1173 | D:2      | Killed Jessica
  1355 | D:3      | Noticed Sigmund
  1492 | D:3      | Noticed Grinder
  1518 | D:3      | Killed Grinder
  1519 | D:3      | Reached XP level 6. HP: 47/61 MP: 6/6
  1673 | D:3      | Noticed Sigmund
  1673 | D:3      | Sigmund changed into Sigmund the iguana
  1680 | D:3      | Killed Sigmund the iguana
  1681 | D:3      | Reached skill level 4 in Unarmed Combat
  1986 | D:4      | Found a snail-covered altar of Cheibriados.
  2099 | D:4      | Found Famune's Distillery.
  2143 | D:4      | Reached XP level 7. HP: 64/67 MP: 7/7
  2167 | D:4      | Identified a scroll of acquirement
  2167 | D:4      | Acquired 1331 gold pieces
  2192 | D:4      | Found a shimmering altar of Xom.
  2296 | D:4      | Found Tentid's Distillery.
  2299 | D:4      | Bought a potion of lignification for 36 gold pieces
  2299 | D:4      | Bought a potion of heal wounds for 60 gold pieces
  2299 | D:4      | Bought 2 potions of attraction for 72 gold pieces
  2299 | D:4      | Bought a potion of ambrosia for 96 gold pieces
  2299 | D:4      | Bought a potion of magic for 96 gold pieces
  2358 | D:5      | Entered Level 5 of the Dungeon
  2377 | D:5      | Found a transporter.
  2441 | D:5      | Found a sand-covered staircase.
  2446 | Ossuary  | Entered an ossuary
  2718 | D:4      | Bought a potion of curing for 39 gold pieces
  2718 | D:4      | Bought 2 potions of degeneration for 26 gold pieces
  2718 | D:4      | Bought a potion of mutation for 104 gold pieces
  2718 | D:4      | Bought a potion of resistance for 130 gold pieces
  2719 | D:4      | Bought a potion of flight for 39 gold pieces
  2970 | D:5      | Found a transporter.
  2989 | D:5      | You fall into a shaft and drop 2 floors!
  3250 | D:6      | Reached skill level 5 in Unarmed Combat
  3250 | D:6      | Reached XP level 8. HP: 70/78 MP: 8/8
  3296 | D:6      | Found an opulent altar of Gozag.
  3482 | D:5      | Found a stormy altar of Qazlal.
  3482 | D:5      | Found a hazy altar of Hepliaklqana.
  3485 | D:5      | Found a sparkling altar of Nemelex Xobeh.
  4184 | D:5      | Acquired 1220 gold pieces
  4645 | D:7      | Found a staircase to the Ecumenical Temple.
  4695 | D:7      | Reached skill level 5 in Throwing
  4993 | D:7      | Reached skill level 5 in Fighting
  4993 | D:7      | Reached skill level 6 in Unarmed Combat
  5186 | D:8      | Reached skill level 5 in Translocations
  5313 | D:8      | HP: 2/77 [gnoll sergeant (8)]
  5383 | D:7      | Reached XP level 9. HP: 74/82 MP: 9/9
  5657 | D:8      | Reached skill level 1 in Evocations
  6081 | D:9      | Noticed a two-headed ogre
  6153 | D:9      | Reached skill level 7 in Unarmed Combat
  6179 | D:9      | Noticed a troll
  6186 | D:9      | Killed a troll
  6351 | D:9      | Found a staircase to the Orcish Mines.
  6395 | D:9      | Killed a two-headed ogre
  6396 | D:9      | Reached XP level 10. HP: 64/98 MP: 10/10
  6512 | D:9      | Found a radiant altar of Vehumet.
  6834 | D:9      | Found a sacrificial altar of Ru.
  6860 | D:9      | Found a glowing golden altar of the Shining One.
  6957 | D:10     | Entered Level 10 of the Dungeon
  6957 | D:10     | Noticed a gargoyle
  6976 | D:10     | HP: 5/100 [gargoyle (14)]
  6980 | D:10     | Killed a gargoyle
  7172 | D:10     | Reached skill level 8 in Unarmed Combat
  7295 | D:10     | Noticed a two-headed ogre
  7308 | D:10     | Killed a two-headed ogre
  7380 | D:10     | Found a burning altar of Makhleb.
  7384 | D:10     | Found a blossoming altar of Fedhas.
  7442 | D:10     | Found an ancient bone altar of Kikubaaqudgha.
  7537 | D:10     | Found a white marble altar of Elyvilon.
  7854 | D:10     | Found a staircase to the Lair.
  7892 | D:10     | Noticed a two-headed ogre
  7898 | D:10     | Killed a two-headed ogre
  7899 | D:10     | Reached XP level 11. HP: 109/109 MP: 8/11
  8376 | Temple   | Entered the Ecumenical Temple
  8664 | D:4      | Became a worshipper of Cheibriados the Contemplative
  8807 | Lair:1   | Entered Level 1 of the Lair of Beasts
  9073 | Lair:1   | Noticed a four-headed hydra
  9086 | Lair:1   | Killed a four-headed hydra
  9087 | Lair:1   | Reached skill level 9 in Unarmed Combat
  9143 | Lair:1   | Reached * piety under Cheibriados
  9883 | Lair:2   | Reached skill level 1 in Invocations
 10761 | Lair:3   | Noticed a four-headed hydra
 10777 | Lair:3   | Killed a four-headed hydra
 10777 | Lair:3   | Reached ** piety under Cheibriados
 10867 | Lair:3   | Reached XP level 12. HP: 95/120 MP: 8/13
 10959 | Lair:3   | Noticed a four-headed hydra
 10970 | Lair:3   | Noticed a six-headed hydra
 10976 | Lair:3   | Killed a six-headed hydra
 11197 | Lair:3   | Killed a five-headed hydra
 11247 | Lair:3   | Noticed a six-headed hydra
 11253 | Lair:3   | Killed a six-headed hydra
 11254 | Lair:3   | Reached skill level 10 in Unarmed Combat
 11712 | Lair:3   | Found a staircase to the Shoals.
 12447 | Lair:4   | Reached *** piety under Cheibriados
 12663 | Lair:4   | Identified the +5 war axe of Uhielob {protect, Dex+4}
 13355 | Lair:5   | Reached skill level 5 in Invocations
 13546 | Lair:5   | Noticed a death yak
 13546 | Lair:5   | Noticed a death yak
 13547 | Lair:5   | Noticed a death yak
 13555 | Lair:5   | Killed a death yak
 13555 | Lair:5   | Noticed a death yak
 13556 | Lair:5   | Reached skill level 10 in Throwing
 13558 | Lair:5   | Noticed a death yak
 13563 | Lair:5   | Reached **** piety under Cheibriados
 13566 | Lair:5   | Killed a death yak
 13566 | Lair:5   | Killed a death yak
 13567 | Lair:5   | Reached skill level 11 in Unarmed Combat
 13567 | Lair:5   | Reached XP level 13. HP: 66/131 MP: 1/16
 13928 | Lair:5   | Found a viscous altar of Jiyva.
 13928 | Lair:5   | Found a staircase to the Slime Pits.
 14581 | Lair:6   | Entered Level 6 of the Lair of Beasts
 15000 | Lair:6   | Found a transporter.
 15077 | Lair:6   | Found a bloodstained altar of Trog.
 15079 | Lair:6   | Noticed Zifucw's ghost (journeyman DESu)
 15084 | Lair:6   | Found a transporter.
 15088 | Lair:6   | Found the +10 dark maul {vorpal}
 15188 | Lair:6   | Reached skill level 10 in Fighting
 15602 | Lair:6   | Reached skill level 12 in Unarmed Combat
 15763 | Lair:6   | Found a runed translucent door.
 15764 | Lair:6   | Noticed a fire dragon
 15850 | Lair:6   | HP: 4/135 [tyrant leech (23)]
 16482 | Lair:6   | Reached XP level 14. HP: 139/144 MP: 16/18
 17106 | D:11     | Noticed Psyche
 17108 | D:11     | Killed Psyche
 17254 | D:11     | Noticed Urug
 17270 | D:11     | Killed Urug
 17413 | D:11     | Found a hide-covered altar of Uskayaw.
 17873 | D:12     | Found a frozen archway.
 17894 | IceCv    | Entered an ice cave
 17997 | IceCv    | Acquired 274 gold pieces
 18082 | IceCv    | HP: 5/144 [ice beast[an ice statue] (4)]
 18348 | IceCv    | Identified the ring "Intoram" {Fly rC+}
 18606 | D:12     | Reached ***** piety under Cheibriados
 19064 | D:12     | Found a portal to a secret trove of treasure.
 19149 | D:12     | Reached skill level 5 in Evocations
 19569 | D:13     | Noticed Nessos
 19569 | D:13     | Noticed Rupert
 19569 | D:13     | Found a gate to the Vaults.
 19572 | D:13     | Killed Nessos
 19581 | D:13     | Paralysed by Rupert for 2 turns
 19584 | D:13     | Killed Rupert
 19591 | D:13     | Found a gate leading to a gauntlet.
 19598 | Gauntlet | Entered a Gauntlet
 19598 | Gauntlet | Found a transporter.
 19686 | Gauntlet | Found a transporter.
 19689 | Gauntlet | Found a transporter.
 19690 | Gauntlet | Found a transporter.
 19698 | Gauntlet | Found a transporter.
 19701 | Gauntlet | Found a transporter.
 19702 | Gauntlet | Found a transporter.
 19712 | Gauntlet | Found a transporter.
 19811 | Gauntlet | Found a transporter.
 19811 | Gauntlet | Found a transporter.
 19838 | Gauntlet | Found a transporter.
 19840 | Gauntlet | Found a transporter.
 19840 | Gauntlet | Found a transporter.
 19847 | Gauntlet | Reached skill level 13 in Unarmed Combat
 19913 | Gauntlet | Found a runed translucent door.
 19915 | Gauntlet | Found a transporter.
 19940 | Gauntlet | Identified the +0 pair of gloves "Qyrier" {Harm Str-3 Dex+7
                  | Stlth-}
 19969 | Gauntlet | Identified the ring "Neuk" {Fly rPois Int-5 Dex+3}
 19969 | Gauntlet | Identified the +1 cloak "Arousk" {Rampage Stlth+}
 21576 | D:14     | Reached skill level 5 in Dodging
 21618 | D:14     | Reached XP level 15. HP: 151/154 MP: 17/20
 22934 | D:9      | Acquired the ring of Xom's Ringing Laughter {rPois Will+
                  | Int+3}
 23032 | D:15     | Entered Level 15 of the Dungeon
 23225 | Orc:1    | Entered Level 1 of the Orcish Mines
 23225 | Orc:1    | Found Qiuviehiwk's Armour Boutique.
 23633 | Orc:2    | Entered Level 2 of the Orcish Mines
 23648 | Orc:2    | Shot with a bolt by an orc knight

Illustrated notes

Levels and vault maps discovered:
D:1:      minmay_arrival_shoal_huts, layout_loops_ring, basic_ecumenical_altar
D:2:      cheibrodos_fertilizer, layout_rooms, uniq_jessica
D:3:      layout_basic, uniq_sigmund, uniq_grinder
D:4:      layout_basic, mainiacjoe_overflow_24_doors, amcnicky_altar_gilded,
          serial_shops, shop_coins, kennysheep_mini_moat,
          amcnicky_mini_corridor_feature
D:5:      gammafunk_cloud_chamber, layout_loops_ring,
          nicolae_overflow_hidden_temple, enter_ossuary_2
D:6:      layout_loops_cross, mainiacjoe_overflow_brackets,
          minmay_misc_feat_roman, minmay_misc_feat_enclosed
D:7:      layout_gridville, minmay_temple_entry_glassed_door
D:8:      layout_rooms
D:9:      layout_layer_cave, mainiacjoe_overflow_six_doors_small,
          mainiacjoe_overflow_two_lobes, orc_0_dummy, due_unseen_surprise
D:10:     layout_basic, kennysheep_vampire_church, nicolae_elyvilon_temple_path,
          chequers_temple_overflow_statue_of_worship, lair_entry_dummy
D:11:     layout_loops_ring, nicolae_two_hexagons, nicolae_uskayaw_dance_studio,
          uniq_urug, uniq_psyche
D:12:     layout_basic, portal_ice_cave_demonic_guard,
          nicolae_trove_entry_free_sample, minmay_lizard_king
D:13:     layout_layer_cave, david_vaults_3, gauntlet_entry_generic
D:14:     layout_cave_pods, grunt_decor_cap, special_room
          [special_room_mythical_zoo], serial_bayou, serial_bayou_pond_e,
          serial_bayou_ford_a, serial_bayou_pond_b, serial_bayou_pond_c
D:15:     hangedman_depths_entry_civil_slaughter, layout_gridville,
          minmay_misc_feat_nine_boxes, nicolae_elemental_shop
Temple:   compressed_dpeg_triangle_lava_temple
Lair:1:   layout_cave_pods, infiniplex_staircase_pool_2, serial_bayou_shore_b,
          grunt_megastairs_5
Lair:2:   layout_gridlike, minmay_snake_entry_guardpost_medium,
          serial_bayou_lake_a, serial_bayou_shore_b, serial_bayou_shore_a
Lair:3:   layout_regular_city, minmay_shoals_entry_hut
Lair:4:   layout_loops_ring, lemuel_fruit_tree, grunt_megastairs_1
Lair:5:   layout_big_grid, slime_altar_1, infiniplex_staircase_pool
Lair:6:   wormcave, layout_cave_pods, hangedman_lair_tendril_chambers,
          gammafunk_ghost_wrathful_warriors, uniq_rupert
Orc:1:    layout_caves, serial_shops, nicolae_shop_waterfront
Orc:2:    st_orc_town, layout_caves

Skill      XL: |  1  2  3  4  5  6  7  8  9 10 11 12 13 14 15 |
---------------+----------------------------------------------+-----
Throwing       | 1 2 3 4 5 6 7 8 10 11 12 | 12.3
Fighting       | 2 3 4 5 6 7 8 9 10 11 | 11.5
Unarmed Combat | 3 4 5 6 7 8 9 11 12 13 | 13.4
Translocations | 3 4 5 6 |  6.2
Evocations     | 2 4 5 6 |  6.1
Dodging        | 3 5 |  5.4
Invocations    | 2 5 7 8 |  8.9
Spellcasting   | |  1.2

Action                   |  1- 3 |  4- 6 |  7- 9 | 10-12 | 13-15 || total
-------------------------+-------+-------+-------+-------+-------++-------
Melee: Unarmed           |    73 |   140 |   395 |   476 |   605 ||  1689
       Punch             |       |     2 |     5 |    22 |    76 ||   105
Throw: Boomerang         |       |       |    28 |   188 |     3 ||   219
       Javelin           |       |       |       |    28 |    72 ||   100
       Large rock        |       |       |       |       |    31 ||    31
 Cast: Blink             |       |       |       |    12 |    18 ||    30
Invok: Slouch            |       |       |       |     1 |    12 ||    13
       Bend Time         |       |       |       |       |     1 ||     1
Evoke: Wand              |       |     3 |       |    10 |    13 ||    26
       Phantom mirror    |       |       |       |       |     1 ||     1
       Tin of tremorston |       |       |       |       |     2 ||     2
  Use: Potion            |     1 |       |     4 |     2 |    12 ||    19
       Scroll            |       |     4 |     5 |     7 |    12 ||    28
 Stab: Sleeping          |       |       |     1 |     1 |     1 ||     3
       Invisible         |       |       |       |       |     6 ||     6
       Paralysed         |       |       |       |       |     2 ||     2
Armor: Robe              |    54 |    70 |   138 |   144 |    81 ||   487
       Skin              |       |       |       |       |    10 ||    10
       Troll leather arm |       |       |       |       |   130 ||   130
Dodge: Dodged            |    33 |    95 |   184 |   225 |   429 ||   966

Table legend: (Time is in decaauts)
 A = Elapsed time spent in this place.
 B = Non-inter-level travel time spent in this place.
 C = Inter-level travel time spent in this place.
 D = Time resting spent in this place.
 E = Time spent auto-exploring this place.
 F = Levels seen in this place.
 G = Mean time per level.
                   A        B        C        D        E       F      G
               +--------+--------+--------+--------+--------+-----+--------+
         Total |  30675 |  27151 |   3524 |    165 |  21833 |  27 | 1136.1 |
       Dungeon |  17840 |  14910 |   2930 |      0 |  12130 |  15 | 1189.3 |
        Temple |    183 |    175 |      8 |      0 |    168 |   1 |  183.0 |
          Lair |  10580 |  10006 |    574 |    114 |   8371 |   6 | 1763.3 |
  Orcish Mines |    725 |    715 |     10 |      0 |    588 |   2 |  362.5 |
       Ossuary |    223 |    223 |      0 |      0 |    119 |   1 |  223.0 |
      Ice Cave |    618 |    618 |      0 |     51 |    209 |   1 |  618.0 |
      Gauntlet |    503 |    503 |      0 |      0 |    247 |   1 |  503.0 |
               +--------+--------+--------+--------+--------+-----+--------+

Top non-repeatable levels by time:
  Lair:6: 3119 daAuts
    D:13: 2413 daAuts
    D:12: 2090 daAuts
  Lair:5: 1875 daAuts
    D:14: 1829 daAuts
  Lair:3: 1622 daAuts
  Lair:4: 1576 daAuts
    D:10: 1412 daAuts
  Lair:1: 1384 daAuts
    D:11: 1370 daAuts
     D:7: 1291 daAuts
     D:6: 1246 daAuts
     D:9: 1243 daAuts
  Lair:2: 1000 daAuts
     D:8: 996 daAuts
